 Dungeon Crawl Stone Soup version 0.22-a0-346-ga714374 (webtiles) character file.

337 b5mith the Shield-Bearer (level 6, 0/56 HPs)
             Began as a Minotaur Fighter on Apr 6, 2018.
             Was a Follower of the Shining One.
             Slain by an orc
             ... wielding a +0 short sword
              (2 damage)
             ... on level 4 of the Dungeon.
             The game lasted 00:07:41 (2546 turns).

b5mith the Shield-Bearer (Minotaur Fighter)         Turns: 2546, Time: 00:07:42

Health: 0/56       AC: 14    Str: 28    XL:     6   Next: 28%
Magic:  5/5        EV:  8    Int:  5    God:    the Shining One [*.....]
Gold:   152        SH: 10    Dex:  9    Spells: 5/5 levels left

rFire    . . .     SeeInvis .   a - +1 mace (protect)
rCold    . . .     Gourm    .   c - +0 shield
rNeg     . . .     Faith    .   t - +0 scale mail
rPois    .         Spirit   .   (helmet restricted)
rElec    .         Reflect  .   (no cloak)
rCorr    .         Harm     .   (no gloves)
MR       .....                  (no boots)
Stlth    ..........             (no amulet)
HPRegen  0.18/turn              (no ring)
MPRegen  0.09/turn              (no ring)

@: mighty, protection aura, slowed, glowing, very slow
A: retaliatory headbutt, horns 2
a: Renounce Religion


You were on level 4 of the Dungeon.
You worshipped the Shining One.
The Shining One was aware of your devotion.
You were not hungry.

You visited 1 branch of the dungeon, and saw 4 of its levels.

You collected 152 gold pieces.

Inventory:

Hand Weapons
 a - a +1 mace of protection (weapon)
 b - a +0 hunting sling of flaming
 q - a +0 flail
Missiles
 h - 41 sling bullets
 r - 4 exploding tomahawks (quivered)
Armour
 c - a +0 shield (worn)
 t - a +0 scale mail (worn)
Jewellery
 n - an uncursed amulet of the acrobat {unknown}
Wands
 y - a wand of polymorph (10)
Scrolls
 g - a scroll of magic mapping {unknown}
 i - a scroll of fog {unknown}
 j - a scroll of enchant weapon {unknown}
 k - 4 scrolls of teleportation {unknown}
 m - 3 scrolls of identify {unknown}
 o - 5 scrolls of remove curse {unknown}
 p - a scroll of fear {unknown}
 s - 2 scrolls of blinking {unknown}
 v - a scroll of enchant armour {unknown}
 x - a scroll of immolation {unknown}
Potions
 d - a potion of might
 e - 3 potions of mutation {unknown}
 l - 3 potions of curing {unknown}
 u - a potion of heal wounds {unknown}
 w - 2 potions of brilliance {unknown}
Comestibles
 f - 8 rations
 z - 7 chunks of flesh


   Skills:
 + Level 5.3 Fighting
 + Level 4.5 Maces & Flails
 + Level 5.2 Armour
 + Level 5.3 Shields


You had 5 spell levels left.
You didn't know any spells.

Dungeon Overview and Level Annotations

Branches:
Dungeon (4/15)             Temple (0/1) D:4

Altars:
Cheibriados
Elyvilon
Uskayaw
Wu Jian
The Shining One


Innate Abilities, Weirdness & Mutations

You reflexively headbutt those who attack you in melee.
You have a pair of horns on your head.


Message History

The orc hits you but does no damage. x2
The orc wizard hits you but does no damage.
You hit the orc wizard.
You kill the orc wizard!
The orc hits you but does no damage. You block the orc's attack. x2
The orc priest mumbles some strange prayers to Beogh against you.
Beogh smites you!
* * * LOW HITPOINT WARNING * * *
The orc hits you but does no damage. x2
You feel very mighty all of a sudden. The orc hits you with a war axe.
The Shining One protects you from harm! You block the orc priest's attack.
The orc hits you with a short sword.
* * * LOW HITPOINT WARNING * * *
You block the orc's attack. You block the orc priest's attack.
The orc barely misses you.
You hit the orc priest.
The orc priest is moderately wounded.
The orc hits you with a short sword.
You die...

....#..............####'#........
....#..............#.............
....#..............+..8.8.8......
..###..............#...⌠.⌠.......
###########'#......#..8.>.8......
#.........#......##..⌠.⌠.......
#.........#......##.8.8.8.#....
#.........#..o).[##.......#....
#.........#..o@..#####....#....
#######..##..oo..# ###+###....
######'##### #..........
..........# #..........
..........# #..........
..........# #..........
..........# #..........
.........## #..........
.........# #..........


You could see an orc priest and 3 orcs.

Vanquished Creatures
  2 hounds
  2 orc wizards (D:4)
  A jelly (D:4)
  2 worker ants (D:4)
  6 adders
  An ooze (D:3)
  3 worms
  A dart slug (D:3)
  A leopard gecko (D:1)
  An orc (D:4)
  A giant cockroach (D:2)
  12 goblins
  11 hobgoblins
  7 jackals
  5 kobolds
  4 quokkas
  A ball python (D:2)
  A ball python skeleton (D:4)
  11 bats
  4 frilled lizards
  5 rats
82 creatures vanquished.

Notes
Turn   | Place    | Note
-------+----------+-------------------------------------------
     0 | D:1      | b5mith the Minotaur Fighter began the quest for the Orb.
     0 | D:1      | Reached XP level 1. HP: 19/19 MP: 0/0
   201 | D:1      | Reached XP level 2. HP: 26/27 MP: 1/1
   814 | D:2      | Reached XP level 3. HP: 33/33 MP: 2/2
  1040 | D:2      | Found an ornate altar of the Wu Jian Council.
  1042 | D:2      | Found a snail-covered altar of Cheibriados.
  1042 | D:2      | Found a white marble altar of Elyvilon.
  1065 | D:2      | Found a glowing golden altar of the Shining One.
  1073 | D:2      | Became a worshipper of the Shining One
  1079 | D:2      | Found a hide-covered altar of Uskayaw.
  1367 | D:3      | Reached XP level 4. HP: 40/40 MP: 3/3
  1777 | D:3      | Reached XP level 5. HP: 38/47 MP: 4/4
  2273 | D:4      | Reached skill level 5 in Fighting
  2273 | D:4      | Reached skill level 5 in Shields
  2360 | D:4      | Found a staircase to the Ecumenical Temple.
  2374 | D:4      | Reached skill level 5 in Armour
  2443 | D:4      | Reached XP level 6. HP: 56/56 MP: 5/5
  2529 | D:4      | Reached * piety under the Shining One
  2545 | D:4      | The Shining One protects you from harm!
  2545 | D:4      | HP: 1/56 [orc/short sword (3)]
  2546 | D:4      | Slain by an orc

Vault maps used:
D:1:      ncdulo_watergridlock
D:2:      minmay_overflow_temple_star_hex, first_ration
D:4:      minmay_temple_entry_statues_fountains

Skill      XL: |  1  2  3  4  5 |
---------------+----------------+-----
Shields        | 4 5 |  5.3
Armour         | 4 5 |  5.2
Fighting       | 4 5 |  5.3
Maces & Flails | 3 4 |  4.5

Action                   |  1- 3 |  4- 6 || total
-------------------------+-------+-------++-------
Melee: Flail             |    42 |       ||    42
       Headbutt          |    11 |    20 ||    31
       Mace              |    47 |    95 ||   142
 Fire: Hunting sling     |       |    32 ||    32
  Use: Potion            |       |     1 ||     1
  Eat: Chunk             |     2 |     3 ||     5
Armor: Scale mail        |    45 |    50 ||    95
Dodge: Dodged            |    31 |    26 ||    57
Block: Shield            |    43 |    60 ||   103

Table legend:
 A = Spawn XP
 B = Non-spawn XP
 C = Spawn XP percentage of total XP
 D = Spawn monster count
 E = Non-spawn monster count
 F = Spawn count percentage of total count
 G = Total turns spent on level
                    A         B        C        D         E        F      G
               +---------+---------+-------+---------+---------+-------+---------
         Total |       0 |     482 |   0.0 |       0 |      82 |   0.0 |  2546
               +---------+---------+-------+---------+---------+-------+---------
           D:1 |       0 |      33 |   0.0 |       0 |      20 |   0.0 |   714
           D:2 |       0 |      36 |   0.0 |       0 |      20 |   0.0 |   624
           D:3 |       0 |     155 |   0.0 |       0 |      29 |   0.0 |   838
           D:4 |       0 |     258 |   0.0 |       0 |      13 |   0.0 |   370
               +---------+---------+-------+---------+---------+-------+---------
